 Dungeon Crawl Stone Soup version 0.27-a0-1291-geefcff550b (webtiles) character file.

Game seed: 6426736226446246205

7 porpoise the Covered (level 1, 0/15 HPs)
             Began as a Demonspawn Wanderer on June 16, 2021.
             Slain by a kobold (4 damage)
             ... on level 1 of the Dungeon.
             The game lasted 00:02:13 (677 turns).

porpoise the Covered (Demonspawn Wanderer)           Turns: 677, Time: 00:02:14

Health: 0/15       AC:  2    Str: 11    XL:     1   Next: 91%
Magic:  2/2        EV: 11    Int: 14    God:
Gold:   27         SH:  0    Dex: 12    Spells: 1/1 levels left

rFire    . . .     SeeInvis .   a - +0 dagger
rCold    . . .     Faith    .   (no shield)
rNeg     . . .     Spirit   .   b - +0 robe
rPois    .         Reflect  .   (no helmet)
rElec    .         Harm     .   (no cloak)
rCorr    .         Rampage  .   (no gloves)
Will     .....                  (no boots)
Stlth    ++........             (no amulet)
HPRegen  0.05/turn              (no ring)
MPRegen  0.08/turn              (no ring)

@: no status effects
A: no striking features
a: no special abilities


You were on level 1 of the Dungeon.
You visited 1 branch of the dungeon, and saw 1 of its levels.

You collected 27 gold pieces.

Inventory:

Hand Weapons
 a - a +0 dagger (weapon)
Armour
 b - a +0 robe (worn)
Scrolls
 c - a scroll of blinking {unknown}
 e - a scroll of teleportation {unknown}
 f - a scroll of enchant armour {unknown}
 g - a scroll of immolation {unknown}
Potions
 d - a potion of resistance {unknown}
 h - a potion of brilliance {unknown}
 i - a potion of flight {unknown}


   Skills:
 + Level 1.5 Fighting
 - Level 1.0 Bows
 - Level 2.6 Armour
 - Level 1.0 Stealth
 + Level 0.9 Spellcasting
 - Level 1.7 Transmutations
 - Level 1.0 Earth Magic
 - Level 1.0 Evocations


You had one spell level left.
You didn't know any spells.
Your spell library contained the following spells:

 Spells                   Type           Power      Damage    Failure   Level
 Sandblast                Erth           6%         2d5       19%         1
 Sting                    Tmut/Pois      12%        1d3       19%         1
 Summon Small Mammal      Summ           0%         N/A       26%         1
 Passwall                 Tmut/Erth      3%         N/A       22%         2
 Ignite Poison            Fire/Tmut/Pois 2%         N/A       54%         3
 Stone Arrow              Conj/Erth      4%         3d7       54%         3
 Call Canine Familiar     Summ           0%         N/A       63%         3
 Petrify                  Tmut/Erth      4%         N/A       83%         4
 Lee's Rapid Deconstruct  Erth           1%         3d5*      99%         5


Dungeon Overview and Level Annotations

Branches:
Dungeon (1/15)

Altars:


Message History

The jackal is almost dead.
The jackal misses you. The jackal barely misses you.
You hit the jackal.
You kill the jackal!
You start resting.
Magic restored.
You start resting.
HP restored.
You now have 27 gold pieces (gained 16).
i - a yellow potion A rat comes into view.
You hit the rat.
You kill the rat!
You see here a rat corpse.
A kobold comes into view.
It is wielding a +2 short sword of speed.
A ball python comes into view.
The ball python hisses angrily.
The ball python moves out of view.
Found 7 gold pieces.
You closely miss the ball python. The ball python misses you.
The ball python grabs you. The ball python constricts you.
The ball python barely misses you. The ball python constricts you.
You barely miss the ball python. The ball python barely misses you.
The ball python constricts you.
You hit the ball python.
The ball python is moderately wounded.
The ball python bites you. The ball python constricts you.
You hit the ball python.
You kill the ball python!
The kobold throws a stone.
The stone misses you.
You hit the kobold but do no damage. You closely miss the kobold.
The kobold barely misses you.
The kobold hits you with a +2 short sword of speed.
You hit the kobold but do no damage.
The kobold hits you with a +2 short sword of speed.
You barely miss the kobold.
The kobold hits you with a +2 short sword of speed.
* * * LOW HITPOINT WARNING * * *
The kobold hits you with a +2 short sword of speed.
You die...

## #.#############
#............#
##.#########.#
##.## #.# ######.#
#.# #.#...#.## #.#
##.## #...K@##
####.# ...
#............##.#
...
........######.##.#
... ##.#...##
#.##.# #.# # ###.
#.##.# #>#
#$#######.##.# #.#
#............#
##.##
#########.####
##...## ..........#


You could see a kobold.

Vanquished Creatures
  2 jackals (D:1)
  2 ball pythons (D:1)
  A bat (D:1)
  2 goblins (D:1)
  A rat (D:1)
8 creatures vanquished.

Notes
Turn   | Place    | Note
-------+----------+-------------------------------------------
     0 | D:1      | porpoise the Demonspawn Wanderer began the quest for the
                  | Orb.
     0 | D:1      | porpoise set off with the following items: a +0 dagger, a
                  | +0 robe; and the following spells available to memorise:
                  | Sandblast, Sting, Passwall, Summon Small Mammal, Ignite
                  | Poison, Stone Arrow, Call Canine Familiar, Petrify, Lee's
                  | Rapid Deconstruction
     0 | D:1      | Reached XP level 1. HP: 15/15 MP: 1/1
   677 | D:1      | Slain by a kobold

Illustrated notes

Levels and vault maps discovered:
D:1:      mrwooster_arrival_statue_2, layout_loops_ring, minmay_distorted

Action                   || total
-------------------------++-------
Melee: Dagger            ||    36
Armor: Robe              ||     6
Dodge: Dodged            ||    22

Table legend: (Time is in decaauts)
 A = Elapsed time spent in this place.
 B = Non-inter-level travel time spent in this place.
 C = Inter-level travel time spent in this place.
 D = Time resting spent in this place.
 E = Time spent auto-exploring this place.
 F = Levels seen in this place.
 G = Mean time per level.
                   A        B        C        D        E       F      G
               +--------+--------+--------+--------+--------+-----+--------+
         Total |    677 |    677 |      0 |    342 |    230 |   1 |  677.0 |
       Dungeon |    677 |    677 |      0 |    342 |    230 |   1 |  677.0 |
               +--------+--------+--------+--------+--------+-----+--------+

Top non-repeatable levels by time:
     D:1: 677 daAuts
